[Event "Titled Tuesday Blitz June 27 Late 2023"]
[White "Kovalevsky, Stanislav"]
[Black "Shapiro, Daniel"]
[WhiteFideId "13508598"]
[BlackFideId "2001780"]
[WhiteElo "2472"]
[BlackElo "2336"]
[Result "0-1"]
[Round "6"]
[TimeControl "180+2"]
[Date "2023.06.27"]
[WhiteClock "0:00:00"]
[BlackClock "0:00:12"]
[Board "109"]

1. c4 e5 2. Nc3 Nf6 3. g3 d5 4. cxd5 Nxd5 5. Bg2 Nb6 6. e3 Nc6 7. Nge2 Be6 8. f4 Qd7 9. fxe5 Nxe5 10. Nf4 Bg4 11. Qb3 Nf3+ 12. Bxf3 Bxf3 13. Rf1 Bc6 14. d4 O-O-O 15. Bd2 a5 16. O-O-O a4 17. Qc2 a3 18. b3 Bb4 19. Nd3 Bd6 20. e4 Qe7 21. e5 Bb4 22. Nxb4 Qxb4 23. d5 Be8 24. d6 Qc5 25. Qd3 cxd6 26. Be3 Qc6 27. Kb1 f6 28. Qd4 Bg6+ 29. Ka1 dxe5 30. Qg4+ Kb8 31. Rc1 Rd3 32. Bxb6 Rxc3 33. Be3 Rc8 34. Qd1 Rc2 35. Bd2 Qd5 36. Rxc2 Bxc2 0-1


[Site "https://www.chess.com"]

[Event "Titled Tuesday Blitz June 27 Late 2023"]
[White "Cardozo Munar, Carlos Eduardo"]
[Black "Baches Garcia, Guillermo"]
[WhiteFideId "4409477"]
[BlackFideId "2209764"]
[WhiteElo "2326"]
[BlackElo "2467"]
[Result "1/2-1/2"]
[Round "6"]
[TimeControl "180+2"]
[Date "2023.06.27"]
[WhiteClock "0:00:20"]
[BlackClock "0:00:13"]
[Board "110"]

1. d4 Nf6 2. Bg5 e6 3. e4 h6 4. Bxf6 Qxf6 5. c3 d5 6. e5 Qd8 7. Nd2 c5 8. Ngf3 Nc6 9. Bd3 Qb6 10. O-O Qxb2 11. c4 cxd4 12. cxd5 exd5 13. Nb3 Be7 14. Nbxd4 O-O 15. Re1 Nxd4 16. Nxd4 Bc5 17. Ne2 Qxe5 18. Rc1 Bb6 19. Ng3 Qd4 20. Rc2 Be6 21. Qf3 Rac8 22. Rce2 Bg4 23. Nf5 Bxf3 24. Nxd4 Bxe2 25. Nxe2 Rfe8 26. Rd1 Re7 27. h4 Rec7 28. Rd2 Ba5 29. Rb2 b6 30. Nf4 Rc1+ 31. Kh2 d4 32. Nd5 Bc3 33. Re2 Kf8 34. Re4 Re8 35. Rf4 f6 36. Bg6 Re5 37. Nc7 Ke7 38. Ne8 Ra1 39. Nxg7 Rxa2 40. Nf5+ Kd8 41. Nxh6 b5 42. Rxf6 b4 43. Nf7+ Ke7 44. Nxe5 Kxf6 45. f4 d3 46. Bxd3 Bxe5 47. fxe5+ Kxe5 48. h5 Kf6 49. h6 b3 50. Kh3 b2 51. g4 Ra1 52. g5+ Kxg5 53. h7 Rh1+ 54. Kg2 Rh6 55. Kf3 a5 56. Ke2 a4 57. Kd2 a3 58. Kc2 Kf6 59. Kb3 Kg7 60. Kxa3 Rh2 61. Ka2 Kh8 62. Kb1 Kg7 63. Bc2 Kh8 64. Kxb2 Kg7 65. Kb3 Rxc2 66. Kxc2 Kxh7 1/2-1/2


[Site "https://www.chess.com"]

[Event "Titled Tuesday Blitz June 27 Late 2023"]
[White "Titichoca Daza, Daniel"]
[Black "Ozen, Batuhan"]
[WhiteFideId "3309550"]
[BlackFideId "6345123"]
[WhiteElo "2463"]
[BlackElo "2317"]
[Result "1-0"]
[Round "6"]
[TimeControl "180+2"]
[Date "2023.06.27"]
[WhiteClock "0:01:14"]
[BlackClock "0:00:00"]
[Board "111"]

1. d4 Nf6 2. c4 c5 3. d5 e5 4. Nc3 d6 5. e4 Be7 6. g3 O-O 7. Bg2 Ne8 8. Nge2 g6 9. O-O Nd7 10. f4 f5 11. Be3 Ng7 12. a3 Bf6 13. b4 b6 14. Rb1 exf4 15. Bxf4 Ne5 16. bxc5 bxc5 17. Qa4 Bd7 18. Qa6 Bc8 19. Qa4 Re8 20. exf5 Nxf5 21. Ne4 Bg7 22. Bg5 Qc7 23. Qxe8+ Bf8 24. Bh6 Bd7 25. Qxa8 1-0


[Site "https://www.chess.com"]

[Event "Titled Tuesday Blitz June 27 Late 2023"]
[White "Spichkin, Alexander"]
[Black "marik_spb"]
[WhiteFideId "4144074"]
[WhiteElo "2319"]
[BlackElo "2463"]
[Result "0-1"]
[Round "6"]
[TimeControl "180+2"]
[Date "2023.06.27"]
[WhiteClock "0:01:53"]
[BlackClock "0:00:15"]
[Board "112"]

1. f4 d5 2. Nf3 c5 3. e3 Nc6 4. Bb5 Nf6 5. b3 Bd7 6. O-O e6 7. Bb2 Bd6 8. Bxc6 Bxc6 9. Ne5 Rc8 10. d4 O-O 11. Nd2 b5 12. Ndf3 c4 13. c3 Ne4 14. Qe1 Be8 15. Rc1 f6 16. Ng4 Rc6 17. b4 Ra6 18. a3 Ra4 19. Nd2 Nxd2 20. Qxd2 a5 21. Nf2 axb4 22. cxb4 Bg6 23. Rfe1 f5 24. Nd1 Bh5 25. Nc3 Ra8 26. Nxb5 Bb8 27. Nc3 g5 28. a4 Rf7 29. a5 Rg7 30. Na4 gxf4 31. exf4 Qh4 32. Qd3 cxd3 33. Rc8+ Kf7 34. Bc3 Bxf4 35. h3 Rxc8 36. Nc5 Rxg2+ 37. Kxg2 Qg3+ 38. Kf1 Qxh3+ 39. Kf2 Qg3+ 40. Kf1 Qf3+ 41. Kg1 Be3+ 42. Kh2 Qf4+ 43. Kg2 Bf3+ 44. Kf1 Bh1# 0-1


[Site "https://www.chess.com"]

[Event "Titled Tuesday Blitz June 27 Late 2023"]
[White "Tomaszewski, Kacper"]
[Black "Zampronha, Wladimir Camilo"]
[WhiteFideId "1127373"]
[BlackFideId "2103087"]
[WhiteElo "2459"]
[BlackElo "2297"]
[Result "1-0"]
[Round "6"]
[TimeControl "180+2"]
[Date "2023.06.27"]
[WhiteClock "0:01:41"]
[BlackClock "0:00:49"]
[Board "113"]

1. e4 c5 2. Nf3 e6 3. c3 Nf6 4. e5 Nd5 5. a3 d6 6. d4 cxd4 7. c4 Nb6 8. Bg5 Be7 9. Bxe7 Qxe7 10. exd6 Qxd6 11. Nc3 e5 12. Nb5 Qe7 13. c5 N6d7 14. Nc7+ Kd8 15. Nxa8 Nxc5 16. b4 Ne4 17. Rc1 Nc6 18. b5 Na5 19. b6 axb6 20. Nxb6 Bg4 21. h3 Qxa3 22. hxg4 Qb4+ 23. Nd2 Nxd2 24. Rc8+ Ke7 25. Nd5+ Kd7 26. Rc7+ Kd6 27. Nxb4 Kxc7 28. Qxd2 1-0


[Site "https://www.chess.com"]

[Event "Titled Tuesday Blitz June 27 Late 2023"]
[White "Rakitic2010"]
[Black "Luong Phuong Hanh"]
[BlackFideId "12401013"]
[WhiteElo "2300"]
[BlackElo "2453"]
[Result "0-1"]
[Round "6"]
[TimeControl "180+2"]
[Date "2023.06.27"]
[WhiteClock "0:00:37"]
[BlackClock "0:00:09"]
[Board "114"]

1. e4 c5 2. Nf3 e6 3. d4 cxd4 4. Nxd4 a6 5. c4 Nf6 6. Nc3 Qc7 7. a3 b6 8. Be3 Bb7 9. f3 d6 10. Be2 Nbd7 11. O-O Be7 12. Qd2 O-O 13. Rac1 Rac8 14. b4 Qb8 15. Rfd1 Rfe8 16. Bf2 h5 17. Qb2 Ne5 18. Qb3 h4 19. h3 Nh5 20. Bf1 Bg5 21. Rc2 Nf4 22. Nce2 Neg6 23. Be3 d5 24. Nxf4 Bxf4 25. Ne2 Bxe3+ 26. Qxe3 dxc4 27. f4 b5 28. Nc3 Rcd8 29. Rcd2 Rxd2 30. Qxd2 Qxf4 31. Qd7 Rb8 32. Kh1 Bxe4 33. Be2 Bb7 34. Rf1 Qg3 35. Qxf7+ Kh7 36. Qf2 Qxh3+ 37. Kg1 Qxc3 38. Bh5 Ne5 39. Qxh4 Kg8 40. Qe7 Qe3+ 41. Kh2 Qe4 42. Bf7+ Kh8 43. Qg5 Ng4+ 44. Kg3 Qxg2+ 45. Kf4 Nh6 46. Qg6 Qh2+ 47. Ke3 Qe5+ 48. Kd2 Rd8+ 49. Kc2 Qe2+ 50. Kc3 Qd3+ 51. Qxd3 Rxd3+ 52. Kc2 Rd8 53. Bg6 Bd5 54. a4 e5 55. axb5 axb5 56. Ra1 e4 57. Ra3 Bg8 58. Re3 Bh7 59. Bxh7 Kxh7 60. Rxe4 Kg6 61. Re5 Rb8 62. Kc3 Nf5 63. Re6+ Kg5 64. Re1 g6 65. Rg1+ Kf6 66. Kd2 g5 67. Kc3 Rd8 68. Rf1 Rd3+ 69. Kc2 Ke5 70. Re1+ Ne3+ 71. Kb2 Ke4 72. Rg1 g4 73. Rh1 Rb3+ 74. Ka2 Kd3 75. Rh2 Rxb4 76. Rf2 c3 77. Rf8 Rb2+ 78. Ka3 Nc4# 0-1


[Site "https://www.chess.com"]

[Event "Titled Tuesday Blitz June 27 Late 2023"]
[White "Bolanos, Fernando"]
[Black "Mickiewicz, Piotr"]
[WhiteFideId "3304094"]
[BlackFideId "1114891"]
[WhiteElo "2294"]
[BlackElo "2442"]
[Result "0-1"]
[Round "6"]
[TimeControl "180+2"]
[Date "2023.06.27"]
[WhiteClock "0:00:13"]
[BlackClock "0:00:44"]
[Board "115"]

1. e4 d5 2. exd5 Qxd5 3. Nc3 Qd6 4. Nf3 Nf6 5. d4 c6 6. Bd3 Bg4 7. Be3 e6 8. h3 Bh5 9. Qe2 Nbd7 10. O-O-O Qc7 11. Kb1 Bd6 12. g4 Bg6 13. Nd2 Nd5 14. Nce4 Nf4 15. Bxf4 Bxf4 16. h4 h5 17. f3 O-O-O 18. Ng5 Bxd3 19. Qxd3 Bxg5 20. hxg5 hxg4 21. fxg4 Qf4 22. g6 f6 23. Rh7 Qxg4 24. Nb3 Rhg8 25. Re1 Nf8 26. Rh3 Qxg6 27. Qc4 Qf5 28. Rc3 g5 29. Nc5 Rg7 30. a4 Qd5 31. Qb4 Qxd4 32. Rc4 Qd2 33. Nxe6 Qxb4 34. Rxb4 Re7 35. Rf4 0-1


[Site "https://www.chess.com"]

[Event "Titled Tuesday Blitz June 27 Late 2023"]
[White "szachmistrz2500"]
[Black "Quirke, Jeffrey"]
[BlackFideId "2013029"]
[WhiteElo "2442"]
[BlackElo "2250"]
[Result "1-0"]
[Round "6"]
[TimeControl "180+2"]
[Date "2023.06.27"]
[WhiteClock "0:00:26"]
[BlackClock "0:00:00"]
[Board "116"]

1. Nf3 b6 2. e4 Bb7 3. Nc3 e6 4. d4 Bb4 5. Bd3 Nf6 6. Qe2 d5 7. e5 Ne4 8. Bd2 Nxd2 9. Nxd2 Bxc3 10. bxc3 Nc6 11. O-O Qd7 12. f4 g6 13. a4 a5 14. Bb5 O-O-O 15. Rfd1 Kb8 16. Nb3 Qe7 17. Ba6 Ka7 18. Bxb7 Kxb7 19. Rab1 Ka7 20. Nc5 Nb8 21. Nb3 Qd7 22. c4 dxc4 23. Qxc4 Na6 24. Nxa5 bxa5 25. Rb5 Rb8 26. Rxa5 Rb6 27. d5 Kb7 28. Rd3 Nb4 29. dxe6 Qxe6 30. Qe4+ Nc6 31. Rc5 Ra8 32. a5 Rb1+ 33. Kf2 Ra6 34. Rdc3 Qa2 35. Rxc6 1-0


[Site "https://www.chess.com"]

[Event "Titled Tuesday Blitz June 27 Late 2023"]
[White "JERO-8914"]
[Black "Kornyukov, Alexey"]
[BlackFideId "4150457"]
[WhiteElo "2440"]
[BlackElo "2237"]
[Result "0-1"]
[Round "6"]
[TimeControl "180+2"]
[Date "2023.06.27"]
[WhiteClock "0:00:03"]
[BlackClock "0:00:08"]
[Board "117"]

1. e4 c5 2. c3 Nf6 3. e5 Nd5 4. d4 cxd4 5. Nf3 d6 6. Bc4 Nb6 7. Bb3 Nc6 8. exd6 Qxd6 9. O-O Be6 10. Na3 dxc3 11. Nb5 Qxd1 12. Rxd1 Rc8 13. Bxe6 fxe6 14. Nxc3 g6 15. Ng5 e5 16. Be3 Nc4 17. Bc1 Nd4 18. b3 Nd6 19. Nd5 Bh6 20. Be3 Nc2 21. Rac1 Kd7 22. h4 Bxg5 23. hxg5 Ke6 24. Nb4 Nxb4 25. Rb1 Nc2 26. Bxa7 Nf5 27. Bb6 Ncd4 28. Bxd4 Nxd4 29. a4 Rc2 30. b4 Rhc8 31. b5 Ra2 32. Ra1 Rcc2 33. Rxa2 Rxa2 34. Rc1 Rxa4 35. Rc7 Nxb5 36. Rxb7 Nd4 37. Rb6+ Kf7 38. Rb8 Ra1+ 39. Kh2 Ra2 40. f3 Nxf3+ 41. Kg3 Nxg5 42. Rb5 Ne4+ 43. Kf3 Ng5+ 44. Kg4 Kf6 45. g3 e6 46. Rb8 h5+ 47. Kh4 Rh2# 0-1


[Site "https://www.chess.com"]

[Event "Titled Tuesday Blitz June 27 Late 2023"]
[White "zano2023"]
[Black "liwadas82"]
[WhiteElo "2171"]
[BlackElo "2440"]
[Result "0-1"]
[Round "6"]
[TimeControl "180+2"]
[Date "2023.06.27"]
[WhiteClock "0:00:09"]
[BlackClock "0:00:09"]
[Board "118"]

1. d4 Nf6 2. Nd2 e6 3. Ngf3 d5 4. e3 b6 5. Bd3 Bd6 6. O-O Ba6 7. c4 O-O 8. b3 c5 9. Bb2 cxd4 10. exd4 dxc4 11. Nxc4 Bc7 12. Re1 Bb7 13. Nfe5 Nbd7 14. Qe2 Nxe5 15. dxe5 Nd5 16. Be4 Qh4 17. g3 Qh3 18. Bg2 Qxg2+ 19. Kxg2 Nf4+ 20. Kf1 Nxe2 21. Rxe2 Rfd8 22. Rd2 b5 23. Rxd8+ Rxd8 24. Ne3 Bf3 25. Bc3 h6 26. Rc1 Bb6 27. Nc2 a5 28. a3 Rc8 29. Bb2 Bd5 30. b4 a4 31. Ke1 Bb3 32. Ne3 Rxc1+ 33. Bxc1 Bd4 34. f4 g5 35. Kd2 gxf4 36. gxf4 Kg7 37. Kd3 Bb6 38. f5 Bxe3 39. f6+ Kg6 40. Bxe3 Kf5 41. Kd4 h5 42. h4 Bc4 43. Bg5 Kg4 44. Kc5 Kf5 45. Kd4 Bf1 46. Bd2 Kg4 47. Bg5 Kf5 48. Bd2 Kg4 49. Bg5 Kf3 50. Kc5 Ke4 51. Kd6 Kd4 52. Bf4 Bd3 53. Bg3 Bg6 54. Kc6 Kc4 55. Kb6 Bd3 56. Bf4 Kb3 57. Bc1 Kc2 58. Be3 Kb2 59. Kc5 Kxa3 60. Bc1+ Kb3 61. Kd4 Bf5 62. Kc5 Bd3 63. Kd4 Bf1 64. Kc5 a3 65. Bxa3 Kxa3 66. Kd6 Bd3 67. Ke7 Bg6 0-1


[Site "https://www.chess.com"]

[Event "Titled Tuesday Blitz June 27 Late 2023"]
[White "Gulamali, Kazim"]
[Black "Oliveira, Tiago Batista"]
[WhiteFideId "2024764"]
[BlackFideId "2108291"]
[WhiteElo "2436"]
[BlackElo "2180"]
[Result "1-0"]
[Round "6"]
[TimeControl "180+2"]
[Date "2023.06.27"]
[WhiteClock "0:01:12"]
[BlackClock "0:00:00"]
[Board "119"]

1. e4 e5 2. Nf3 Nc6 3. Bb5 a6 4. Ba4 Nf6 5. d3 b5 6. Bb3 Be7 7. a4 Rb8 8. axb5 axb5 9. Nc3 O-O 10. g4 d5 11. g5 Ng4 12. Nxd5 Bc5 13. Be3 Nd4 14. Bxd4 exd4 15. h3 c6 16. hxg4 cxd5 17. Bxd5 Bxg4 18. Rh4 Qd7 19. Ne5 Bxd1 20. Nxd7 Bxc2 21. Nxc5 1-0


[Site "https://www.chess.com"]

[Event "Titled Tuesday Blitz June 27 Late 2023"]
[White "Sanchez, Robert"]
[Black "Labussiere, Yago"]
[WhiteFideId "2034360"]
[BlackFideId "2186969"]
[WhiteElo "2120"]
[BlackElo "2432"]
[Result "0-1"]
[Round "6"]
[TimeControl "180+2"]
[Date "2023.06.27"]
[WhiteClock "0:02:01"]
[BlackClock "0:02:14"]
[Board "120"]

1. e4 c5 2. Nf3 Nc6 3. d4 cxd4 4. Nxd4 e6 5. Nc3 Qc7 6. Ndb5 Qb8 7. g3 a6 8. Nd4 Qc7 9. Bg2 Nf6 10. O-O Nxd4 11. Qxd4 Bc5 12. Qd3 O-O 13. Bg5 Qe5 14. Bf4 Qd4 15. Qe2 Qb4 16. a3 Qxb2 17. Na4 Qd4 18. Nxc5 Qxc5 19. Rfd1 d5 20. exd5 exd5 21. Bg5 Bg4 22. Bf3 Bxf3 23. Qxf3 Ne4 24. Be3 Qxc2 25. Rxd5 Nc3 26. Rc1 Ne2+ 0-1


[Site "https://www.chess.com"]

[Event "Titled Tuesday Blitz June 27 Late 2023"]
[White "Figorito, Nick"]
[Black "Vargas, Mauricio"]
[WhiteFideId "30923689"]
[BlackFideId "4404572"]
[WhiteElo "2422"]
[BlackElo "1864"]
[Result "1-0"]
[Round "6"]
[TimeControl "180+2"]
[Date "2023.06.27"]
[WhiteClock "0:01:51"]
[BlackClock "0:00:41"]
[Board "121"]

1. Nf3 c6 2. g3 d5 3. Bg2 Nf6 4. O-O Bg4 5. d3 e6 6. Nbd2 Be7 7. b3 O-O 8. Bb2 Nbd7 9. Re1 Bh5 10. e4 dxe4 11. dxe4 Bg6 12. Qe2 Nb6 13. Rad1 Qc7 14. Be5 Bd6 15. Bxd6 Qxd6 16. e5 Qc7 17. exf6 gxf6 18. Ne4 Nd5 19. Nh4 Bxe4 20. Bxe4 Nc3 21. Qh5 f5 22. Nxf5 exf5 23. Bxf5 f6 24. Rd7 Rf7 25. Qxf7+ Kh8 26. Qxh7# 1-0


[Site "https://www.chess.com"]

[Event "Titled Tuesday Blitz June 27 Late 2023"]
[White "Andersson, Bjorn 1971"]
[Black "Vaglio Mattey, Emanuel"]
[WhiteFideId "1702114"]
[BlackFideId "6504167"]
[WhiteElo "2333"]
[BlackElo "2508"]
[Result "1/2-1/2"]
[Round "6"]
[TimeControl "180+2"]
[Date "2023.06.27"]
[WhiteClock "0:00:40"]
[BlackClock "0:00:05"]
[Board "122"]

1. e4 c5 2. Nf3 e6 3. d4 cxd4 4. Nxd4 a6 5. Be2 Qc7 6. O-O Nf6 7. Nc3 d6 8. Kh1 Nbd7 9. f4 Be7 10. f5 Nc5 11. fxe6 fxe6 12. Bh5+ g6 13. Bf3 e5 14. Nb3 O-O 15. Bh6 Rf7 16. Bg5 Be6 17. Bxf6 Bxf6 18. Bg4 Bc4 19. Nd5 Bxd5 20. Qxd5 Kg7 21. Nxc5 dxc5 22. Be6 Rff8 23. Qd3 Rad8 24. Bd5 b5 25. b3 Bg5 26. c4 b4 27. Qg3 Qe7 28. Rf3 Rxf3 29. gxf3 Rf8 30. Kg2 Rf4 31. Rf1 Rh4 32. Rh1 Bf4 33. Qf2 Qg5+ 34. Kf1 Be3 35. Qg2 Qf6 36. Ke2 Bd4 37. Qg3 Rh5 38. h4 h6 39. Rh2 Qf4 40. Qxf4 exf4 41. Kf1 Bf6 42. Be6 Rxh4 43. Rxh4 Bxh4 44. Kg2 Kf6 45. Bc8 a5 46. Kh3 Bf2 47. Bd7 Be3 48. Be8 h5 49. Kh4 Bf2+ 50. Kh3 Be1 51. Kg2 Bd2 52. Kh3 Be1 53. Kg2 Bg3 54. Kh3 Kg7 55. Kg2 Kh6 56. Kh3 g5 57. Bf7 Bf2 58. Be8 Bd4 59. Bd7 Be5 60. Bf5 Bf6 61. Bc8 g4+ 62. fxg4 h4 63. Bf5 Kg5 64. Kg2 Be5 65. Be6 Bd4 66. Bf5 Be5 67. Be6 f3+ 68. Kxf3 h3 69. Bf5 Bd6 70. Be6 Be5 71. Bd7 Bd6 72. Be6 Be5 1/2-1/2


[Site "https://www.chess.com"]

[Event "Titled Tuesday Blitz June 27 Late 2023"]
[White "Ward, Ieuan C"]
[Black "Kielinkei"]
[WhiteFideId "406627"]
[WhiteElo "2276"]
[BlackElo "2453"]
[Result "1/2-1/2"]
[Round "6"]
[TimeControl "180+2"]
[Date "2023.06.27"]
[WhiteClock "0:00:52"]
[BlackClock "0:00:05"]
[Board "123"]

1. d4 f5 2. c4 Nf6 3. Nc3 e6 4. Nf3 Bb4 5. Bd2 O-O 6. g3 b6 7. Bg2 Bb7 8. O-O d6 9. a3 Bxc3 10. Bxc3 Nbd7 11. e3 Qe7 12. Qb3 Ne4 13. Nd2 Nxd2 14. Bxd2 Bxg2 15. Kxg2 Nf6 16. a4 a5 17. c5 dxc5 18. dxc5 Ne4 19. Rfd1 Nxc5 20. Qc4 Kh8 21. b4 Ne4 22. b5 Rfd8 23. Be1 e5 24. Rac1 Nc5 25. Rd5 Qe6 26. Rxd8+ Rxd8 27. Bxa5 Qxc4 28. Rxc4 e4 29. Bc3 Rd5 30. a5 bxa5 31. Bxa5 Ne6 32. Bxc7 Rxb5 33. Be5 h6 34. Bd4 Rb7 35. h3 Kh7 36. Be5 Ng5 37. g4 g6 38. gxf5 gxf5 39. Bf4 Nf3 40. Rc6 Rb1 41. h4 Nxh4+ 42. Kh3 Rh1+ 43. Kg3 Nf3 44. Kg2 Rg1+ 45. Kh3 Ng5+ 46. Kh2 Nf3+ 47. Kh3 Ng5+ 48. Kh2 Rf1 49. Kg2 Ra1 50. Rc7+ Kg6 51. Rc6+ Kh5 52. Rf6 Ra5 53. Kg3 Rd5 54. Kg2 Kg4 55. Rxh6 Nf3 56. Rg6+ Kh5 57. Rh6+ Kg4 58. Rg6+ Kh5 59. Rh6+ Kg4 1/2-1/2


[Site "https://www.chess.com"]

[Event "Titled Tuesday Blitz June 27 Late 2023"]
[White "BrandonJiang123456"]
[Black "whiteglovethief"]
[WhiteElo "2212"]
[BlackElo "2450"]
[Result "0-1"]
[Round "6"]
[TimeControl "180+2"]
[Date "2023.06.27"]
[WhiteClock "0:00:00"]
[BlackClock "0:00:07"]
[Board "124"]

1. e4 d5 2. exd5 Qxd5 3. Nc3 Qa5 4. h3 Nf6 5. d4 Bf5 6. Nf3 e6 7. a3 c6 8. Be2 Ne4 9. Bd2 Nxc3 10. Bxc3 Qb6 11. O-O Be7 12. Qd2 Nd7 13. Ba5 Qxb2 14. Rfc1 Nf6 15. Ne1 Ne4 16. Qe3 Bg5 17. f4 Bf6 18. Nf3 Ng3 19. Bc4 b5 20. Rab1 Qxc1+ 21. Rxc1 bxc4 22. Nd2 Bxd4 23. Qxd4 Ne2+ 24. Kf2 Nxd4 25. Bc3 Nb5 26. Bxg7 Rg8 27. Be5 Rd8 28. Nxc4 Ke7 29. a4 Nd4 30. g4 Be4 31. c3 Nb3 32. Re1 Bd5 33. Ne3 f6 34. Bc7 Rd7 35. f5 Rxc7 36. fxe6 Bxe6 37. Nf5+ Kd7 38. Rd1+ Bd5 39. c4 Rb8 40. cxd5 cxd5 41. Rxd5+ Kc6 42. Rd6+ Kc5 43. Rxf6 Nd4 44. Ne3 Rb2+ 45. Kg3 Rb3 46. Kf4 Re7 47. Nf5 Nxf5 48. Rxf5+ Kb4 49. a5 Ra3 50. h4 Rxa5 51. Rxa5 Kxa5 52. g5 Kb5 53. Kf5 a5 54. h5 Re8 55. Kf6 Rg8 56. h6 a4 0-1


[Site "https://www.chess.com"]

[Event "Titled Tuesday Blitz June 27 Late 2023"]
[White "Carrasco Miranda, Andres"]
[Black "Bazzano, Sebastian"]
[WhiteFideId "3405990"]
[BlackFideId "104566"]
[WhiteElo "2406"]
[BlackElo "2222"]
[Result "0-1"]
[Round "6"]
[TimeControl "180+2"]
[Date "2023.06.27"]
[WhiteClock "0:00:09"]
[BlackClock "0:00:02"]
[Board "125"]

1. d4 Nf6 2. c4 e6 3. g3 d5 4. Bg2 Be7 5. Nf3 O-O 6. O-O b6 7. cxd5 exd5 8. Nc3 Bb7 9. Bf4 c6 10. Ne5 Nbd7 11. Rc1 Re8 12. e4 dxe4 13. Nxe4 Nxe4 14. Bxe4 Nf6 15. Bxc6 Bxc6 16. Nxc6 Qd5 17. Qb3 Qh5 18. Rfe1 Bf8 19. Re5 Rxe5 20. Nxe5 Bd6 21. Qd1 Qh3 22. Qf3 Re8 23. Nd7 Qxd7 24. Bxd6 Qxd6 25. d5 Qxd5 26. Qxd5 Nxd5 27. Rd1 Nf6 28. Rd6 Kf8 29. Rc6 Rd8 30. Rc7 Rd7 31. Rc8+ Ke7 32. h3 Ne8 33. Ra8 a5 34. Rb8 Rd6 35. a4 Nf6 36. Kg2 Nd7 37. Rb7 Rd2 38. Kf3 Rxb2 39. h4 Rb4 40. g4 Rxa4 41. Ra7 Rb4 42. g5 a4 43. h5 b5 44. Ke3 Rb3+ 45. Ke4 a3 46. f4 b4 47. f5 Rb2 48. Rb7 b3 49. Ra7 a2 50. g6 fxg6 51. f6+ gxf6 52. hxg6 hxg6 53. Kd3 Rb1 54. Rb7 a1=Q 55. Kc4 b2 56. Kc3 Qa3+ 57. Kd2 Qa5+ 58. Kc2 Qe1 59. Ra7 Qc1+ 60. Kb3 Ra1 61. Rb7 b1=Q# 0-1


[Site "https://www.chess.com"]

[Event "Titled Tuesday Blitz June 27 Late 2023"]
[White "Gardezi, Arsal"]
[Black "Arnold, Ken"]
[WhiteFideId "30949521"]
[BlackFideId "2056836"]
[WhiteElo "2189"]
[BlackElo "2395"]
[Result "0-1"]
[Round "6"]
[TimeControl "180+2"]
[Date "2023.06.27"]
[WhiteClock "0:00:16"]
[BlackClock "0:00:06"]
[Board "126"]

1. d4 c6 2. e4 d5 3. exd5 cxd5 4. c4 Nf6 5. Nc3 Nc6 6. Nf3 Bg4 7. Be2 e6 8. Be3 Be7 9. O-O O-O 10. cxd5 Nxd5 11. Nxd5 Qxd5 12. h3 Bh5 13. a3 Rfd8 14. Qa4 Bf6 15. Rfd1 a6 16. Rac1 b5 17. Qc2 Rac8 18. Qb1 Bg6 19. Bd3 Bxd3 20. Qxd3 Nxd4 21. Nxd4 Rxc1 22. Rxc1 e5 23. Qb3 exd4 24. Qxd5 Rxd5 25. Rc8+ Rd8 26. Rxd8+ Bxd8 27. Bxd4 f5 28. Kf1 Kf7 29. Ke2 g6 30. Kd3 Ke6 31. Bc3 Kd5 32. Bg7 Bb6 33. f3 Bc5 34. Bc3 Bd6 35. Bg7 a5 36. Bc3 a4 37. Bg7 h5 38. Bc3 Bc5 39. Bf6 b4 40. axb4 Bxb4 41. Ke3 Kc4 42. Kf4 Bd2+ 43. Kg3 Bc1 44. Kh4 Kb3 45. g4 hxg4 46. hxg4 Bxb2 47. Be7 fxg4 48. fxg4 Bc1 49. Kg3 g5 50. Kf3 a3 51. Ke4 a2 52. Bf6 Bb2 53. Bxb2 Kxb2 54. Kf5 a1=Q 55. Kxg5 0-1


[Site "https://www.chess.com"]

[Event "Titled Tuesday Blitz June 27 Late 2023"]
[White "Cooper, Aaron"]
[Black "Bueno, Alfeu Junior Varela"]
[WhiteFideId "2634945"]
[BlackFideId "2108879"]
[WhiteElo "2184"]
[BlackElo "2390"]
[Result "0-1"]
[Round "6"]
[TimeControl "180+2"]
[Date "2023.06.27"]
[WhiteClock "0:00:13"]
[BlackClock "0:00:12"]
[Board "127"]

1. e4 e6 2. d4 d5 3. e5 c5 4. c3 Nc6 5. Nf3 Bd7 6. Bd3 Qb6 7. O-O cxd4 8. Re1 a5 9. a4 Bc5 10. Qe2 Nge7 11. Nbd2 Ng6 12. g3 O-O 13. cxd4 Nxd4 14. Nxd4 Bxd4 15. Nf3 Bc5 16. h4 f6 17. Bxg6 hxg6 18. Kg2 fxe5 19. Qxe5 Rf5 20. Qe2 Raf8 21. Bf4 Bd6 22. Bxd6 Qxd6 23. Ra3 d4 24. Kg1 Bc6 25. Ng5 Rxf2 26. Qxf2 Rxf2 27. Kxf2 e5 28. Ne4 Qb4 29. Re2 Bxe4 30. Rxe4 Qxb2+ 31. Re2 Qxa3 32. Rxe5 d3 33. Rd5 Qa2+ 0-1


[Site "https://www.chess.com"]

[Event "Titled Tuesday Blitz June 27 Late 2023"]
[White "Petersson, Kjell"]
[Black "Sokolov, Andrei"]
[WhiteFideId "1705148"]
[BlackFideId "11600306"]
[WhiteElo "2144"]
[BlackElo "2362"]
[Result "1-0"]
[Round "6"]
[TimeControl "180+2"]
[Date "2023.06.27"]
[WhiteClock "0:00:22"]
[BlackClock "0:01:07"]
[Board "128"]

1. d4 d5 2. Bf4 Nf6 3. e3 e6 4. Nf3 c5 5. c3 Nc6 6. Nbd2 Bd6 7. Bg3 b6 8. Bd3 O-O 9. e4 Be7 10. e5 Nh5 11. Ng5 Nxg3 12. Bxh7+ Kh8 13. hxg3 Bxg5 14. Qc2 cxd4 15. Bg8+ Bh6 16. Qh7# 1-0


[Site "https://www.chess.com"]

[Event "Titled Tuesday Blitz June 27 Late 2023"]
[White "GAO"]
[Black "Burke, Paul"]
[BlackFideId "2605767"]
[WhiteElo "2348"]
[BlackElo "1943"]
[Result "1-0"]
[Round "6"]
[TimeControl "180+2"]
[Date "2023.06.27"]
[WhiteClock "0:01:01"]
[BlackClock "0:00:11"]
[Board "129"]

1. Nf3 a6 2. b3 d6 3. Bb2 Nd7 4. d4 Ngf6 5. g3 g6 6. Bg2 Bg7 7. O-O O-O 8. c4 Re8 9. e4 e5 10. d5 h6 11. Nc3 Kh7 12. Qc2 Nh5 13. b4 Qe7 14. Rac1 Nb6 15. Ne2 Bg4 16. h3 Bxf3 17. Bxf3 Nf6 18. c5 Nbd7 19. c6 bxc6 20. Qxc6 Rec8 21. a4 Ne8 22. Bg4 Rd8 23. Bxd7 Qxd7 24. Qxd7 Rxd7 25. Rc6 f5 26. f3 Nf6 27. Nc3 Rb8 28. Ba3 Rb6 29. Rc4 Nh5 30. Kg2 f4 31. a5 Rb7 32. g4 Ng3 33. Rc1 Bf6 34. Rc2 Bd8 35. Rc6 Ra7 36. Bc1 Kg7 37. Bd2 Kf7 38. Be1 Bh4 39. Bf2 g5 40. Bxa7 1-0


[Site "https://www.chess.com"]

[Event "Titled Tuesday Blitz June 27 Late 2023"]
[White "Zeynalli, Rashad"]
[Black "Garmendiarov"]
[WhiteFideId "13403320"]
[WhiteElo "2586"]
[BlackElo "2306"]
[Result "1-0"]
[Round "6"]
[TimeControl "180+2"]
[Date "2023.06.27"]
[WhiteClock "0:01:10"]
[BlackClock "0:00:07"]
[Board "130"]

1. e4 c5 2. Nf3 e6 3. g3 Nc6 4. Bg2 Nf6 5. Qe2 d5 6. exd5 Nxd5 7. O-O Be7 8. Nc3 O-O 9. Ne4 b6 10. Rd1 Bb7 11. d3 Rc8 12. Bg5 Nd4 13. Qd2 h6 14. Bxe7 Qxe7 15. c3 Nxf3+ 16. Bxf3 Rfd8 17. Qc2 Nf6 18. Nxf6+ gxf6 19. Qe2 Bxf3 20. Qxf3 f5 21. a4 Rd5 22. a5 Rcd8 23. axb6 axb6 24. Qf4 Kg7 25. Qc4 Qd6 26. Ra6 Rxd3 27. Rxd3 Qxd3 28. Qxd3 Rxd3 29. Rxb6 Rd2 30. b4 cxb4 31. cxb4 Rb2 32. Kg2 e5 33. Kf3 e4+ 34. Ke3 Rb3+ 35. Ke2 Rb2+ 36. Ke3 Rb3+ 37. Ke2 Rb2+ 38. Kf1 Rb1+ 39. Kg2 Rb2 40. Rb5 Kg6 41. Kf1 Rb1+ 42. Ke2 Rb2+ 43. Ke3 Rb3+ 44. Kd4 Rf3 45. Ke5 f6+ 46. Ke6 Rxf2 47. Rb8 e3 48. Rg8+ Kh7 49. Kf7 e2 50. Rg7+ Kh8 51. Rg8+ Kh7 52. Re8 f4 53. gxf4 Rxh2 54. Kxf6 Rf2 55. f5 h5 56. Re7+ Kg8 57. Re8+ Kh7 58. Kg5 Kg7 59. Re7+ Kf8 60. Re5 h4 61. Kxh4 Rf4+ 62. Kg5 Rxb4 63. Rxe2 Kf7 64. Ra2 Rb7 65. Rh2 Kg8 66. Kg6 Rb6+ 67. Kg5 Ra6 68. Rb2 Ra8 69. Kg6 Ra6+ 70. f6 Ra8 71. Rb7 Rc8 72. Rg7+ Kf8 73. Rh7 Kg8 74. f7+ Kf8 75. Rh8+ Ke7 76. Rxc8 1-0


[Site "https://www.chess.com"]